 Dungeon Crawl Stone Soup version 0.28.0-49-g6dfe1f597d (webtiles) character file.

Game seed: 5533558652534305077

104 Zeld the Ogre Mage (level 4, -4/44 HPs)
             Began as an Ogre Transmuter on May 19, 2022.
             Slain by an orc
             ... wielding a +0 morningstar
              (6 damage)
             ... on level 2 of the Dungeon.
             The game lasted 00:02:31 (2765 turns).

Zeld the Ogre Mage (Ogre Transmuter)                Turns: 2765, Time: 00:02:31

Health: -4/44      AC:  4    Str: 16    XL:     4   Next: 80%
Magic:  6/9        EV: 10    Int: 14    God:
Gold:   60         SH:  0    Dex:  9    Spells: 4/10 levels left

rFire   . . .      SeeInvis .     - Unarmed
rCold   . . .      Faith    .   (no shield)
rNeg    . . .      Spirit   .   a - +0 robe
rPois   .          Reflect  .   (helmet restricted)
rElec   .          Harm     .   d - +0 cloak
rCorr   .          Rampage  .   (gloves unavailable)
Will    .....                   (boots unavailable)
Stlth   +.........              (no amulet)
HPRegen 0.14/turn               (no ring)
MPRegen 0.11/turn               (no ring)

@: very slightly contaminated
A: large, unfitting armour, tough skin 1
a: no special abilities


You were on level 2 of the Dungeon.
You visited 1 branch of the dungeon, and saw 3 of its levels.

You collected 60 gold pieces.

Inventory:

Armour
 a - a +0 robe (worn)
 d - a +0 cloak (worn)
Scrolls
 b - a scroll of silence {unknown}
 c - a scroll of fog {unknown}
 f - a scroll of brand weapon {unknown}
 g - a scroll of identify {unknown}
Potions
 e - 3 potions of curing {unknown}
 h - 2 potions of mutation {unknown}


   Skills:
 + Level 2.5 Fighting
 + Level 2.3 Dodging
 - Level 2.6 Unarmed Combat
 * Level 3.7 Spellcasting
 * Level 2.9 Transmutations


You had 4 spell levels left.
You knew the following spells:

 Your Spells              Type           Power      Damage    Failure   Level
a - Beastly Appendage     Tmut           20%        N/A       6%          1
b - Wereblood             Tmut           10%        N/A       9%          2
c - Spider Form           Tmut/Pois      6%         N/A       32%         3

Your spell library contained the following spells:

 Spells                   Type           Power      Damage    Failure   Level
 Ice Form                 Ice/Tmut       6%         N/A       73%         4


Dungeon Overview and Level Annotations

Branches:
Dungeon (3/15)

Altars:


Innate Abilities, Weirdness & Mutations

You are too large for most types of armour.
You have tough skin. (AC +1)


Message History

The bat hits you but does no damage. The bat hits you but does no damage.
The bat closely misses you.
The bat dissolves into shadows!
The bat hits you but does no damage.
There is a stone staircase leading up here.
The bat closely misses you.
You climb upwards.
There is a stone staircase leading down here.
You start resting.
HP restored.
You start waiting.
Done waiting.
Casting: Spider Form (quite dangerous; 32% risk of failure)
Confirm with . or Enter, or press ? or * to list all spells.
The spell is quite dangerous to miscast (32% risk of failure)!
Continue anyway?
Okay, then.
Done exploring.
You climb downwards.
The orc hits you with a +0 flail.
There is a stone staircase leading up, spattered with blood here.
Casting: Spider Form (quite dangerous; 32% risk of failure)
Confirm with . or Enter, or press ? or * to list all spells.
The spell is quite dangerous to miscast (32% risk of failure)!
Continue anyway?
You miscast Spider Form.
You are very lightly contaminated with residual magic.
Nothing appears to happen.
The bat hits you but does no damage. The orc barely misses you.
The orc hits you with a +0 morningstar.
You hit the orc but do no damage. The bat hits you. The orc barely misses you.
The orc hits you with a +0 morningstar.
You hit the orc.
The orc is lightly wounded.
The orc hits you with a +0 flail! The orc hits you with a +0 morningstar!
The bat hits you but does no damage. The bat closely misses you.
The orc barely misses you. The orc hits you with a +0 morningstar!
* * * LOW HITPOINT WARNING * * *
You climb upwards.
There is a stone staircase leading down here.
The bat barely misses you. The orc hits you with a +0 flail.
* * * LOW HITPOINT WARNING * * *
The orc hits you with a +0 morningstar.
You die...

###########
#.........#
#..^#####.#######
###...#...........###
........#........o..#
...............b@>#.#
.#..............o.#.#
.#..#.....#########.#
.#........#.........#
.#.....##.#.#########
.#......#.#.#
.#.###....#.# .#.#
######.# ...#
##.....♣♣


You could see 2 orcs and a bat.

Vanquished Creatures
  An orc priest (D:3)
  2 adders
  2 worms (D:2)
  6 orcs (D:3)
  5 endoplasms
  A giant cockroach (D:1)
  3 goblins
  A hobgoblin (D:2)
  4 jackals (D:2)
  6 ball pythons
  5 bats
  A frilled lizard (D:2)
  A kobold (D:2)
  4 rats
42 creatures vanquished.

Vanquished Creatures (others)
  4 plants (D:2)
4 creatures vanquished.

Grand Total: 46 creatures vanquished

Notes
Turn   | Place    | Note
-------+----------+-------------------------------------------
     0 | D:1      | Zeld the Ogre Transmuter began the quest for the Orb.
     0 | D:1      | Reached XP level 1. HP: 19/19 MP: 3/3
   457 | D:1      | Found a faded altar of an unknown god.
   578 | D:1      | Reached XP level 2. HP: 27/27 MP: 3/5
   639 | D:1      | Learned a level 2 spell: Wereblood
  1346 | D:2      | Reached skill level 3 in Spellcasting
  1346 | D:2      | Reached XP level 3. HP: 13/35 MP: 4/7
  1354 | D:2      | Learned a level 3 spell: Spider Form
  2345 | D:3      | Reached XP level 4. HP: 27/42 MP: 5/9
  2765 | D:2      | HP: 2/44 [orc/+0 flail (5)]
  2765 | D:2      | Slain by an orc

Illustrated notes

Levels and vault maps discovered:
D:1:      dpeg_arrival_oval, layout_basic, shapermc_ecumenical_altar_notcrosses
D:2:      layout_basic, grunt_ministairs_10, nrook_campfire,
          grunt_decor_junction, serial_bayou_ford_a
D:3:      layout_basic, mainiacjoe_overflow_brackets

Skill      XL: |  1  2  3 |
---------------+----------+-----
Transmutations | 2 |  2.9
Dodging        | 2 |  2.3
Spellcasting   | 3 |  3.7
Fighting       | 2 |  2.5
Unarmed Combat | |  2.6

Action                   |  1- 3 |  4- 6 || total
-------------------------+-------+-------++-------
Melee: Unarmed           |   119 |    19 ||   138
       Headbutt          |     8 |     1 ||     9
       Punch             |     2 |       ||     2
       Kick              |    12 |       ||    12
 Cast: Beastly Appendage |    27 |     2 ||    29
       Spider Form       |     2 |     1 ||     3
Armor: Robe              |    78 |    19 ||    97
       Skin              |     1 |       ||     1
Dodge: Dodged            |    92 |    26 ||   118
